 Dungeon Crawl Stone Soup version 0.30.1-11-g7821555f0a (webtiles) character file.

Game seed: 5910827519191113864

108 KittyFluff the Cudgeller (level 4, 0/29 HPs)
             Began as a Gargoyle Berserker on Nov 11, 2023.
             Was a Believer of Trog.
             Slain by a river rat (2 damage)
             ... on level 3 of the Dungeon.
             The game lasted 00:07:32 (2133 turns).

KittyFluff the Cudgeller (Gargoyle Berserker)       Turns: 2133, Time: 00:07:32

Health: 0/29       AC:  8    Str: 22    XL:     4   Next: 87%
Magic:  4/4        EV: 11    Int:  8    God:    Trog [**....]
Gold:   126        SH:  0    Dex:  9    Spells: 3/3 levels left

rFire   . . .        a - +0 mace
rCold   . . .        (no shield)
rNeg    + . .        t - +0 leather armour
rPois   ∞            (no helmet)
rElec   +            m - +0 cloak
rCorr   .            (no gloves)
SInv    .            (no boots)
Will    .....        (no amulet)
Stlth   +            (no ring)
HPRegen 0.24/turn    (no ring)
MPRegen 0.09/turn

%: no passive effects
@: very slow
A: sickness immunity, AC +3, negative energy resistance 1, electricity
resistance, torment resistance 1, petrification resistance
a: Renounce Religion, Berserk, Trog's Hand


You were on level 3 of the Dungeon.
You worshipped Trog.
Trog was pleased with you.
You visited 1 branch of the dungeon, and saw 3 of its levels.

You collected 126 gold pieces.

Inventory:

Hand Weapons
 a - a +0 mace (weapon)
Missiles
 k - 4 boomerangs of dispersal (quivered)
Armour
 m - a +0 cloak (worn)
 t - a +0 leather armour (worn)
Scrolls
 d - a scroll of vulnerability {unknown}
 e - a scroll of teleportation {unknown}
 f - 2 scrolls of blinking {unknown}
 h - a scroll of summoning {unknown}
 i - 2 scrolls of enchant weapon {unknown}
 j - 2 scrolls of magic mapping {unknown}
 l - a scroll of noise {unknown}
 n - a scroll of fog {unknown}
 s - 2 scrolls of identify {unknown}
Potions
 c - 3 potions of heal wounds {unknown}
 g - a potion of flight {unknown}
 o - a potion of lignification {unknown}
 p - a potion of haste {unknown}
 q - 2 potions of curing {unknown}
 r - a potion of degeneration {unknown}


   Skills:
 + Level 3.7 Fighting
 * Level 3.8 Maces & Flails
 * Level 3.3 Armour
 + Level 2.0 Dodging
 + Level 1.8 Stealth


You had 3 spell levels left.
You didn't know any spells.
Your spell library was empty.

Dungeon Overview and Level Annotations

Branches:
Dungeon (3/15)

Altars:
Fedhas

Portals:
Sewer: D:3


Innate Abilities, Weirdness & Mutations

You are immune to sickness and miasma.
Your stone body is resilient. (AC +3)
You are immune to poison.
You resist negative energy. (rN+)
You are resistant to electric shocks. (rElec)
You are resistant to unholy torment.
You are immune to petrification.


Message History

You start putting on your armour.
You continue putting on your +0 leather armour.
You hear the rapid rusting of a drain very nearby.
You continue putting on your +0 leather armour. x4
You finish putting on your +0 leather armour.
You drop a +0 animal skin.
You see here a river rat corpse.
You enter the shallow water.
Moving in this stuff is going to be slow.
A river rat comes into view.
There is a glowing drain here.
You enter the shallow water.
Moving in this stuff is going to be slow.
The river rat bites you but does no damage.
The river rat closely misses you.
You barely miss the river rat. The river rat bites you.
Your unstable footing causes you to fumble your attack.
The river rat closely misses you.
You barely miss the river rat.
The river rat bites you but does no damage.
The river rat closely misses you.
Your unstable footing causes you to fumble your attack.
The river rat barely misses you.
Your unstable footing causes you to fumble your attack.
The river rat bites you but does no damage.
Your unstable footing causes you to fumble your attack.
The river rat bites you.
* * * LOW HITPOINT WARNING * * *
You barely miss the river rat. The river rat closely misses you. x2
Your unstable footing causes you to fumble your attack.
The river rat bites you!
* * * LOW HITPOINT WARNING * * *
Your unstable footing causes you to fumble your attack.
The river rat barely misses you.
Your unstable footing causes you to fumble your attack.
The river rat bites you but does no damage.
You hit the river rat.
The river rat is lightly wounded.
The river rat bites you.
You die...

.#.####################
.#..........[†........#
.#..##########..##....#
.#..# ##..#....# .#..#
#...~~# .#..# # #..~~~#
.#..# ...##..~~~# .#..#
......~~~~# .#..#
.....~r@~∩# .#..####
.....###### ........
..... ...##### ....
##.#####.. ..........
##.#####.. ##..# ....##


You could see a river rat.

Vanquished Creatures
  2 adders (D:3)
  2 river rats (D:3)
  A worm (D:2)
  5 dart slugs
  2 orcs (D:3)
  6 ball pythons
  4 bats (D:2)
  An endoplasm (D:2)
  3 giant cockroaches
  4 goblins
  A hobgoblin (D:3)
  8 jackals (D:2)
  6 kobolds
  2 quokkas (D:1)
  3 frilled lizards
  4 rats
54 creatures vanquished.

Notes
Turn   | Place    | Note
-------+----------+-------------------------------------------
     0 | D:1      | KittyFluff the Gargoyle Berserker began the quest for the
                  | Orb.
     0 | D:1      | Reached XP level 1. HP: 14/14 MP: 1/1
    51 | D:1      | Found a faded altar of an unknown god.
   437 | D:1      | Reached XP level 2. HP: 16/19 MP: 2/2
   943 | D:2      | Reached skill level 1 in Stealth
  1131 | D:2      | Reached XP level 3. HP: 23/23 MP: 3/3
  1147 | D:2      | Found a blossoming altar of Fedhas.
  1310 | D:2      | Reached ** piety under Trog
  1732 | D:3      | Reached XP level 4. HP: 24/28 MP: 4/4
  2074 | D:3      | Found a glowing drain.
  2133 | D:3      | Slain by a river rat

Illustrated notes

Levels and vault maps discovered:
D:1:      saegor_arrival_under_anarchy, layout_loops_corners,
          hellmonk_ecumenical_altar_pennies_from_heaven
D:2:      layout_basic, basic_altar
D:3:      layout_basic, portal_sewer_entry_b

Skill      XL: |  1  2  3  4 |
---------------+-------------+-----
Stealth        | 1 |  1.8
Armour         | 3 |  3.3
Dodging        | 2 |  2.0
Fighting       | |  3.7
Maces & Flails | |  3.8

Action                     |  1- 3 |  4- 6 || total
---------------------------+-------+-------++-------
  Melee: Mace              |   129 |    61 ||   190
   Stab: Sleeping          |     2 |     2 ||     4
 Armour: Animal skin       |    50 |    20 ||    70
         Leather armour    |       |     4 ||     4
  Dodge: Dodged            |    85 |    38 ||   123
